 Dungeon Crawl Stone Soup version 0.17.0-23-g0de4337 (webtiles) character file.

83 Ordine the Shooter (level 4, 36/36 HPs)
             Began as a Centaur Hunter on Nov 14, 2015.
             Quit the game on level 2 of the Dungeon.
             The game lasted 00:15:16 (2993 turns).

Ordine the Shooter (Centaur Hunter)                 Turns: 2993, Time: 00:15:16

Health: 36/36      AC:  4    Str: 15    XL:     4   Next: 22%
Magic:  4/4        EV:  9    Int: 11    God:
Gold:   146        SH:  0    Dex:  9    Spells: 0 memorised, 3 levels left

rFire  + . .     SeeInvis .       - Unarmed
rCold  . . .     Clarity  .     d - +0 leather armour
rNeg   . . .     SustAt   .     (no shield)
rPois  .         Gourm    .     c - +0 hat
rElec  .         Spirit   .     (no cloak)
rCorr  .         Warding  .     (no gloves)
rMut   .         Stasis   .     (no barding)
MR     .....                    (no amulet)
Stlth  +.........               (no ring)
                                j - ring of protection from fire

@: very quick, not resistant to hostile enchantments, very unstealthy
A: hooves 3, deformed body, speed 2, tough skin 3
a: no special abilities


You were on level 2 of the Dungeon.
You were not hungry.

You visited 1 branch of the dungeon, and saw 3 of its levels.

You collected 146 gold pieces.

Inventory:

Hand Weapons
 a - a +1 shortbow
Missiles
 b - 48 arrows
Armour
 c - a +0 hat (worn)
 d - a +0 leather armour (worn)
Jewellery
 g - an uncursed ring of positive energy {unknown}
 i - an uncursed amulet of rage {unknown}
 j - a ring of protection from fire (left hand)
Scrolls
 k - a scroll of identify
Potions
 l - 2 potions of invisibility
Comestibles
 e - 4 bread rations
 h - a meat ration


   Skills:
 - Level 2.0 Fighting
 * Level 6.9 Bows
 - Level 1.3 Dodging
 - Level 0.5 Stealth
 + Level 2.0 Unarmed Combat


You had 3 spell levels left.
You didn't know any spells.

Dungeon Overview and Level Annotations

Branches:
Dungeon (3/15)

Altars:
Ashenzari
Cheibriados
Nemelex Xobeh
Qazlal
Sif Muna
Vehumet
Yredelemnul

Annotations:
D:3 Sigmund; vible's ghost, amateur HOFi


Innate Abilities, Weirdness & Mutations

You have hooves in place of feet.
Armour fits poorly on your strangely shaped body.
You cover ground very quickly.
You have extremely tough skin (AC +3).


Message History

You kill the giant cockroach!
You hit the giant newt.
You kill the giant newt!
Sigmund hits you from afar with a scythe of slicing.
Sigmund hits you from afar with a scythe of slicing!
You climb upwards.
There is a stone staircase leading down here.
You start resting.
Some of the chunks of flesh in your inventory have rotted away.
All of the chunks of flesh in your inventory have rotted away.
HP restored.
You don't know any spells.
Unknown command.
Unknown command.
Unknown command.
Are you sure you want to abandon this character and quit the game? (Confirm with "yes".)
Okay, then.
Are you sure you want to abandon this character and quit the game? (Confirm with "yes".)
Okay, then.
Are you sure you want to abandon this character and quit the game? (Confirm with "yes".)

#..............###
#.................
#.........#######.
#.........†...# #.
#.........###.# #.
#######.#.###.###.
#.#.......#.
#######.#####.###.
#@................
####.##(##.######.
#.##.##.## #.
#.##.##..# #.
#.##.###.# #.
#.##.# #.# #.
#.##.###.#####.
##.##...........
#..........)....


There were no monsters in sight!

Vanquished Creatures
  2 adders
  An ooze (D:2)
  A ball python (D:1)
  3 giant cockroaches
  6 goblins
  8 hobgoblins
  7 jackals (D:1)
  11 kobolds
  A quokka (D:2)
  5 bats
  5 giant newts
  8 rats
58 creatures vanquished.

Notes
Turn   | Place    | Note
--------------------------------------------------------------
     0 | D:1      | Ordine the Centaur Hunter began the quest for the Orb.
     0 | D:1      | Reached XP level 1. HP: 17/17 MP: 1/1
   401 | D:1      | Reached XP level 2. HP: 21/24 MP: 2/2
   516 | D:1      | Reached skill level 1 in Unarmed Combat
   518 | D:1      | Reached skill level 6 in Bows
   900 | D:1      | Reached XP level 3. HP: 29/29 MP: 3/3
  1202 | D:2      | Found a shattered altar of Ashenzari.
  1203 | D:2      | Found a basalt altar of Yredelemnul.
  1204 | D:2      | Found a snail-covered altar of Cheibriados.
  1205 | D:2      | Found a stormy altar of Qazlal.
  1205 | D:2      | Found a sparkling altar of Nemelex Xobeh.
  1206 | D:2      | Found a radiant altar of Vehumet.
  1206 | D:2      | Found a deep blue altar of Sif Muna.
  2565 | D:3      | Reached XP level 4. HP: 36/36 MP: 4/4
  2808 | D:3      | Noticed Sigmund
  2814 | D:3      | Noticed vible's ghost (amateur HOFi)
  2993 | D:2      | Quit the game

Action                   |  1- 3 |  4- 6 || total
-------------------------+-------+-------++-------
Melee: Unarmed           |   136 |    28 ||   164
 Fire: Shortbow          |    62 |    12 ||    74
  Use: Scroll            |     6 |       ||     6
  Eat: Chunk             |     4 |     1 ||     5
